[Event "GER-ch Youth U10 2020"]
[Site "Willingen"]
[Date "2020.10.31"]
[Round "7.15"]
[White "Pimenov, Danil"]
[Black "Mündörfer, Sebastian"]
[Result "0-1"]
[ECO "B35"]
[WhiteElo "1235"]
[BlackElo "1175"]
[Annotator "NA RC"]
[PlyCount "68"]
[EventDate "2020.10.27"]
[EventType "swiss"]
[EventRounds "7"]
[EventCountry "GER"]
[SourceTitle "playchess.com"]
[Source "ChessBase"]
[SourceQuality "1"]
[TimeControl "40/4500+30:900+30"]

1. e4 c5 2. Nf3 g6 3. d4 cxd4 4. Nxd4 Nc6 5. Be3 Bg7 6. Nc3 Nf6 7. Bc4 Qa5 8. f3 Qb4 9. Bb3 Nxe4 10. Nxc6 Bxc3+ 11. bxc3 Qxc3+ 12. Ke2 dxc6 13. Bd4 e5 14. Qd3 {[%emt 0:03:12] B35: Sicilian: Accelerated Dragon with 5 Nc3: main line.} (14. Be3 $17) 14... Qxd3+ ({Don't take} 14... exd4 15. Qxe4+ Be6 16. Bxe6 $17) 15. cxd3 {[%emt 0:00:11] [#]} exd4 $146 ({Predecessor:} 15... Ng3+ 16. hxg3 exd4 17. Rhe1 Be6 18. Kd2 Kd7 19. Bxe6+ fxe6 20. Rab1 b5 21. Rb4 c5 22. Rxb5 Kd6 23. Rc1 Rac8 24. Rb7 a6 25. Rc4 Rb8 26. Ra7 Ra8 27. Rb7 h5 28. Rb6+ Kd5 {½-½ (28) Eulitz,C (1331)-Kobald,J (1207) Regensburg 2014}) 16. dxe4 {[%emt 0:00:12] Black is clearly better.} Be6 17. Bxe6 fxe6 $19 {[%emt 0:00:10] Endgame KRR-KRR} 18. Rhd1 c5 19. e5 Ke7 20. Kd3 Rac8 21. f4 Rhd8 22. Rdc1 b6 23. a4 Rd5 24. Rab1 Rb8 25. Rb2 {[%emt 0:01:51] [#]} g5 $1 26. Rf1 (26. fxg5 Rxe5) 26... gxf4 27. Rxf4 Rf8 28. Re4 Kd7 {[%emt 0:02:16] Black is clearly winning.} 29. g4 Rf3+ 30. Ke2 Ra3 31. h4 Rxa4 {[%emt 0:00:42] [#] Hoping for ...d3+.} 32. g5 Ke7 {[%emt 0:00:40] Threatens to win with ...d3+.} 33. Kf1 Ra1+ 34. Kg2 d3 {[%emt 0:00:14] White did not feel at home in the position after the opening. Av CentiPawn Loss W=-140/B=-97. Weighted=-164/-137} 0-1

[Event "GER-ch Youth U10 2020"]
[Site "Willingen"]
[Date "2020.10.31"]
[Round "7.16"]
[White "Radeke, Timothy"]
[Black "Laux, Filip"]
[Result "1-0"]
[ECO "D10"]
[WhiteElo "1143"]
[BlackElo "1198"]
[Annotator "NA RC"]
[PlyCount "149"]
[EventDate "2020.10.27"]
[EventType "swiss"]
[EventRounds "7"]
[EventCountry "GER"]
[SourceTitle "playchess.com"]
[Source "ChessBase"]
[SourceQuality "1"]
[TimeControl "40/4500+30:900+30"]

1. d4 d5 2. c4 c6 3. Nc3 Nf6 4. cxd5 cxd5 5. Nf3 Nc6 6. Bf4 a6 7. e3 Bf5 8. Be2 Rc8 9. O-O h6 10. Rc1 e6 11. Qb3 Na5 12. Qa4+ Nc6 13. Ne5 Qb6 14. Nb1 Qb4 15. Qxb4 Bxb4 16. Bxa6 bxa6 17. Rxc6 Rxc6 18. Nxc6 Be7 19. Nxe7 Kxe7 20. Nc3 Rc8 21. Be5 Bd3 22. Bxf6+ Kxf6 23. Rc1 Ke7 24. Nxd5+ Kd8 25. Rxc8+ Kxc8 26. Nb4 Bb5 27. f3 a5 28. Nc2 Kc7 29. Kf2 Kd6 30. e4 g5 31. Ke3 f5 32. e5+ Kd5 33. f4 g4 34. g3 Kc6 35. Kd2 Kd5 36. Ke3 Kc6 37. Na3 Ba6 38. Nb1 Kd5 39. Nd2 a4 40. a3 Kc6 41. Nb1 Bc4 42. Nc3 Bb3 43. Kd3 Kb6 44. Ne2 Kc6 45. Nc1 Bd5 46. Kc3 Kb5 47. Nd3 Bb3 48. Nc5 Bd5 49. b3 axb3 50. Nxb3 Ka4 51. Nd2 Kxa3 52. Nc4+ Ka2 53. Kb4 Kb1 54. Kc5 Kc2 55. Nb6 Bb3 56. d5 exd5 57. Nxd5 Ba4 58. Ne7 Kd3 59. Nxf5 h5 60. e6 Ke4 61. Ng7 Kf3 62. e7 Kg2 63. e8=Q Bxe8 64. Nxe8 Kxh2 65. f5 Kxg3 66. f6 h4 67. f7 h3 68. f8=Q h2 69. Qd6+ Kg2 70. Qd2+ Kg1 71. Qe1+ Kg2 72. Qe2+ Kh3 73. Qf1+ Kg3 74. Nf6 Kh4 75. Nxg4 1-0

[Event "GER-ch Youth U10 2020"]
[Site "Willingen"]
[Date "2020.10.31"]
[Round "7.17"]
[White "Wolff, Calvin"]
[Black "Thümler, Floris"]
[Result "1-0"]
[ECO "B07"]
[WhiteElo "1219"]
[BlackElo "1295"]
[Annotator "NA RC"]
[PlyCount "59"]
[EventDate "2020.10.27"]
[EventType "swiss"]
[EventRounds "7"]
[EventCountry "GER"]
[SourceTitle "playchess.com"]
[Source "ChessBase"]
[SourceQuality "1"]
[TimeControl "40/4500+30:900+30"]

1. e4 d6 2. d4 Nf6 3. Nc3 g6 4. Be3 c6 5. f3 b5 6. Qd2 Bg7 7. Bh6 O-O 8. g4 Bxh6 9. Qxh6 e5 10. O-O-O Qe7 11. h4 b4 12. Na4 Bd7 13. b3 exd4 14. g5 Nxe4 15. Re1 d5 16. fxe4 dxe4 17. h5 Bf5 18. Bc4 Qe5 19. Nb2 Qg7 20. hxg6 Qxh6 21. gxf7+ Kg7 22. gxh6+ Kg6 23. Ne2 Nd7 24. Nxd4 Ne5 25. Rhg1+ Ng4 26. Nxf5 Kxf5 27. Ref1+ Kg5 28. Be6 Kxh6 29. Rxg4 Kh5 30. Rh1# 1-0

[Event "GER-ch Youth U10 2020"]
[Site "Willingen"]
[Date "2020.10.31"]
[Round "7.18"]
[White "Meng, Yuxuan"]
[Black "Nemitz, Alfred"]
[Result "1-0"]
[ECO "C42"]
[WhiteElo "1515"]
[BlackElo "1287"]
[Annotator "NA RC"]
[PlyCount "107"]
[EventDate "2020.10.27"]
[EventType "swiss"]
[EventRounds "7"]
[EventCountry "GER"]
[SourceTitle "playchess.com"]
[Source "ChessBase"]
[SourceQuality "1"]
[TimeControl "40/4500+30:900+30"]

1. e4 e5 2. Nf3 Nf6 3. Nxe5 d6 4. Nf3 Nxe4 5. Nc3 Nxc3 6. dxc3 Be7 7. Bd3 O-O 8. Be3 Nc6 9. Qd2 Ne5 10. Nxe5 dxe5 11. O-O-O f5 12. Bc4+ Kh8 13. Qxd8 Bxd8 14. Bc5 Bg5+ 15. f4 Bxf4+ 16. Kb1 Re8 17. Bf7 Be6 18. Bxe8 Rxe8 19. g3 Bg5 20. Rhe1 Bf6 21. b3 b6 22. Be3 g5 23. Rd2 f4 24. gxf4 gxf4 25. Bxf4 exf4 26. Rde2 Bxc3 27. Rxe6 Rxe6 28. Rxe6 f3 29. Re3 f2 30. Rf3 Be1 31. Kc1 Kg7 32. Kd1 a5 33. Ke2 h6 34. Rd3 Bb4 35. Kxf2 Bd6 36. h3 Be5 37. Ke3 Kf6 38. Ke4 Bd6 39. Kd5 Kg5 40. c4 Kh4 41. Ke6 h5 42. Kf5 Bc5 43. Kg6 Bg1 44. Rd7 Kxh3 45. Kxh5 Bh2 46. Kg5 Bd6 47. Kf5 Kg3 48. Ke4 Kf2 49. Kd5 Ke3 50. Rxd6 cxd6 51. Kxd6 Kd4 52. Kc6 a4 53. bxa4 Kxc4 54. Kxb6 1-0

[Event "GER-ch Youth U10 2020"]
[Site "Willingen"]
[Date "2020.10.31"]
[Round "7.19"]
[White "Rosenkranz, Lennard"]
[Black "Mohammadzadeh, Daris"]
[Result "1/2-1/2"]
[ECO "B34"]
[WhiteElo "1467"]
[BlackElo "1311"]
[Annotator "NA RC"]
[PlyCount "58"]
[EventDate "2020.10.27"]
[EventType "swiss"]
[EventRounds "7"]
[EventCountry "GER"]
[SourceTitle "playchess.com"]
[Source "ChessBase"]
[SourceQuality "1"]
[TimeControl "40/4500+30:900+30"]

1. e4 c5 2. Nf3 g6 3. d4 cxd4 4. Nxd4 Nc6 5. Nc3 Bg7 6. Be3 Nf6 7. f3 O-O 8. Bc4 e6 9. Ndb5 a6 10. Nd6 Ne8 11. O-O b5 12. Bb3 Nxd6 13. Qxd6 Qe7 14. Qxe7 Nxe7 15. Rfe1 Rb8 16. Ba7 Rb7 17. Bc5 Re8 18. Rab1 Rc7 19. Bb4 Bxc3 20. Bxc3 Nc6 21. Rbd1 a5 22. a3 a4 23. Ba2 Ba6 24. Rd6 Rec8 25. Red1 Nb8 26. Bb1 Rc6 27. h3 h5 28. Kh2 h4 29. Bf6 Rxd6 1/2-1/2

[Event "GER-ch Youth U10 2020"]
[Site "Willingen"]
[Date "2020.10.31"]
[Round "7.20"]
[White "Klasen, Ennio Rodriguez"]
[Black "Sewerinow, Alexander"]
[Result "1-0"]
[ECO "B50"]
[WhiteElo "1297"]
[BlackElo "1202"]
[Annotator "NA RC"]
[PlyCount "59"]
[EventDate "2020.10.27"]
[EventType "swiss"]
[EventRounds "7"]
[EventCountry "GER"]
[SourceTitle "playchess.com"]
[Source "ChessBase"]
[SourceQuality "1"]
[TimeControl "40/4500+30:900+30"]

1. e4 c5 2. Nf3 d6 3. h3 Nf6 4. Nc3 g6 5. Bc4 Bg7 6. O-O O-O 7. d3 Nc6 8. Bg5 a6 9. a4 a5 (9... h6 $11 10. Be3 Be6) 10. Qd2 Nb4 11. Rad1 b6 12. Rfe1 Ba6 13. Bxa6 Rxa6 14. Re2 Re8 $16 15. Rde1 Nd7 16. Nb5 Qa8 17. Nc7 Qc8 18. Nxe8 Qxe8 19. c3 Nc6 20. d4 cxd4 21. cxd4 Nb4 22. e5 d5 23. e6 Nf6 24. exf7+ Qxf7 25. Rxe7 Qf8 26. Bxf6 Qxf6 27. R1e6 Qf5 28. Nh4 Qh5 29. Re8+ Kf7 30. Qf4+ 1-0

[Event "GER-ch Youth U10 2020"]
[Site "Willingen"]
[Date "2020.10.31"]
[Round "7.21"]
[White "Ahlers, Quentin"]
[Black "Deiringer, Julius"]
[Result "1-0"]
[ECO "C54"]
[WhiteElo "1425"]
[BlackElo "1332"]
[Annotator "NA RC"]
[PlyCount "101"]
[EventDate "2020.10.27"]
[EventType "swiss"]
[EventRounds "7"]
[EventCountry "GER"]
[SourceTitle "playchess.com"]
[Source "ChessBase"]
[SourceQuality "1"]
[TimeControl "40/4500+30:900+30"]

1. e4 e5 2. Nf3 Nc6 3. Bc4 Bc5 4. c3 Nf6 5. d3 a6 6. a4 d6 7. h3 Ba7 8. b4 Qe7 9. O-O O-O 10. Re1 Nd8 11. Qb3 Be6 12. Nbd2 c6 13. d4 Bxc4 14. Qxc4 Re8 15. dxe5 dxe5 16. Nf1 c5 17. Ng3 Rc8 18. Nf5 Qc7 19. Qb3 cxb4 20. cxb4 Qc2 21. Qxc2 Rxc2 22. Ne3 Bxe3 23. Bxe3 Nxe4 24. Bb6 Nf6 25. Rxe5 Rxe5 26. Nxe5 Ne6 27. b5 Rb2 28. Rc1 h6 29. bxa6 Rxb6 30. a7 Ra6 31. Rc8+ Nf8 32. a8=Q Rxa8 33. Rxa8 b6 34. Rb8 h5 35. Rxb6 Nd5 36. Rb8 Nf6 37. a5 N6h7 38. a6 Nf6 39. a7 N6h7 40. a8=Q g6 41. Nd7 Kg7 42. Nxf8 Nxf8 43. Rxf8 Kh6 44. h4 Kg7 45. Rh8 Kf6 46. Qa5 Ke6 47. Rh7 Kf6 48. Qa2 Kf5 49. Rxf7+ Kg4 50. g3 Kh3 51. Qe6# 1-0

[Event "GER-ch Youth U10 2020"]
[Site "Willingen"]
[Date "2020.10.31"]
[Round "7.22"]
[White "Blumenthal Tuset, Sebastian"]
[Black "Hellenbroich, Hanno"]
[Result "1/2-1/2"]
[ECO "B23"]
[WhiteElo "1453"]
[BlackElo "1291"]
[Annotator "NA RC"]
[PlyCount "83"]
[EventDate "2020.10.27"]
[EventType "swiss"]
[EventRounds "7"]
[EventCountry "GER"]
[SourceTitle "playchess.com"]
[Source "ChessBase"]
[SourceQuality "1"]
[TimeControl "40/4500+30:900+30"]

1. e4 c5 2. Nc3 d6 3. g3 g6 4. Bg2 Bg7 5. d3 Nf6 6. Be3 O-O 7. h3 Qb6 8. Qc1 Nbd7 9. Nge2 Nb8 10. O-O Nc6 11. Bd2 Be6 12. Rb1 Qc7 13. Bh6 Nd4 14. Nxd4 cxd4 15. Bxg7 Kxg7 16. Nd5 Bxd5 17. exd5 Rac8 18. c3 dxc3 19. Qxc3 Qxc3 20. bxc3 Rxc3 21. Rxb7 Rxd3 22. Rxa7 Nxd5 23. Bxd5 Rxd5 24. Rxe7 Rd8 25. a4 Ra5 26. Re4 d5 27. Rd4 Rd7 28. Rb1 Rda7 29. Rb5 Rxa4 30. Rxa4 Rxa4 31. Rxd5 h5 32. Kg2 Ra3 33. Re5 Rb3 34. Re3 Rb4 35. Kf3 Rb2 36. Re2 Rb3+ 37. Re3 Rb2 38. Kg2 Rb1 39. g4 Rb5 40. gxh5 Rxh5 41. Rg3 Kh6 42. f4 1/2-1/2

[Event "GER-ch Youth U10 2020"]
[Site "Willingen"]
[Date "2020.10.31"]
[Round "7.23"]
[White "Peglau, Paul David"]
[Black "Kamleiter, Noah"]
[Result "1/2-1/2"]
[ECO "E43"]
[WhiteElo "1322"]
[BlackElo "1573"]
[Annotator "NA RC"]
[PlyCount "45"]
[EventDate "2020.10.27"]
[EventType "swiss"]
[EventRounds "7"]
[EventCountry "GER"]
[SourceTitle "playchess.com"]
[Source "ChessBase"]
[SourceQuality "1"]
[TimeControl "40/4500+30:900+30"]

1. d4 Nf6 2. c4 e6 3. Nc3 Bb4 4. e3 b6 5. Bd3 Bb7 6. Nf3 O-O 7. O-O d6 8. a3 Bxc3 9. bxc3 Nbd7 10. Rb1 Re8 11. a4 e5 12. Bc2 e4 13. Nd2 a5 14. Qe2 Ba6 15. Ba3 c5 16. Rfd1 Qc7 17. h3 Re7 18. Rb2 Rae8 19. Rdb1 Nd5 20. Rb3 N5f6 21. R1b2 Bb7 22. Rb1 Bc6 23. R3b2 1/2-1/2

[Event "GER-ch Youth U10 2020"]
[Site "Willingen"]
[Date "2020.10.31"]
[Round "7.24"]
[White "Bock, Leonas"]
[Black "Uyar, Levin"]
[Result "1-0"]
[ECO "D02"]
[WhiteElo "1301"]
[BlackElo "1471"]
[Annotator "NA RC"]
[PlyCount "65"]
[EventDate "2020.10.27"]
[EventType "swiss"]
[EventRounds "7"]
[EventCountry "GER"]
[SourceTitle "playchess.com"]
[Source "ChessBase"]
[SourceQuality "1"]
[TimeControl "40/4500+30:900+30"]

1. d4 Nf6 2. Bf4 d5 3. Nf3 Bf5 4. e3 e6 5. h3 Bd6 6. Bxd6 Qxd6 7. c3 Qb6 8. b3 Nbd7 9. Bd3 Be4 10. Qc2 Bxf3 11. gxf3 O-O-O 12. Nd2 e5 13. a4 Rhe8 14. Kf1 Kb8 15. a5 Qc6 16. Kg2 Nh5 17. Rhc1 g6 18. b4 exd4 19. cxd4 Qxc2 20. Rxc2 Re7 21. b5 Rde8 22. Rb2 b6 23. axb6 Nxb6 24. Rba2 Nc8 25. Nb3 Re6 26. Na5 Ne7 27. Nc6+ Nxc6 28. bxc6 R8e7 29. Rxa7 Rxc6 30. Ra8+ Kb7 31. R1a7+ Kb6 32. Ba6 Rc2 33. Bc8 1-0

[Event "GER-ch Youth U10 2020"]
[Site "Willingen"]
[Date "2020.10.31"]
[Round "7.25"]
[White "Goldkuhle, Collin"]
[Black "Zimmer, Tim"]
[Result "0-1"]
[ECO "C54"]
[WhiteElo "1418"]
[BlackElo "1025"]
[Annotator "NA RC"]
[PlyCount "120"]
[EventDate "2020.10.27"]
[EventType "swiss"]
[EventRounds "7"]
[EventCountry "GER"]
[SourceTitle "playchess.com"]
[Source "ChessBase"]
[SourceQuality "1"]
[TimeControl "40/4500+30:900+30"]

1. e4 e5 2. Nf3 Nc6 3. Bc4 Bc5 4. c3 Nf6 5. d4 exd4 6. e5 d5 7. Bb5 Ne4 8. cxd4 Bb4+ 9. Nbd2 Bd7 10. Qa4 Qe7 11. a3 Bxd2+ 12. Bxd2 Nxd2 13. Nxd2 a6 14. Nf3 O-O 15. Bxc6 Bxc6 16. Qc2 f6 17. O-O f5 18. Rfe1 Qe6 19. Rad1 Rae8 20. Qc5 Qg6 21. Qa5 Re6 22. Kh1 Rf7 23. Qd2 f4 24. Rc1 h5 25. h4 Qg4 26. Rg1 Rg6 27. Rc3 Bd7 28. Rxc7 Bf5 29. Rc8+ Bxc8 30. Qc3 Bf5 31. Nh2 Qxh4 32. Qe1 Be4 33. Qf1 Qg5 34. b3 h4 35. f3 Bf5 36. Qf2 Qg3 37. Qe2 h3 38. Nf1 Qg5 39. e6 Re7 40. g4 Rgxe6 41. Qd1 Re1 42. Qd2 R7e2 43. Qc3 Rc2 44. Qxe1 Bg6 45. Nd2 Qh6 46. b4 b5 47. Nb3 Rb2 48. Nc5 h2 49. Rf1 Qh3 50. Rf2 Rb1 51. Qxb1 Bxb1 52. Nxa6 Qg3 53. Rxh2 Qxf3+ 54. Kg1 Bd3 55. Rf2 Qg3+ 56. Rg2 Qh3 57. Nc7 f3 58. Rf2 Qg3+ 59. Kh1 Qxf2 60. Nxb5 Qg2# 0-1

[Event "GER-ch Youth U10 2020"]
[Site "Willingen"]
[Date "2020.10.31"]
[Round "7.26"]
[White "Huang, Luca Hanson"]
[Black "Conrad, Marius"]
[Result "1-0"]
[ECO "D00"]
[WhiteElo "1570"]
[BlackElo "1645"]
[Annotator "NA RC"]
[PlyCount "65"]
[EventDate "2020.10.27"]
[EventType "swiss"]
[EventRounds "7"]
[EventCountry "GER"]
[SourceTitle "playchess.com"]
[Source "ChessBase"]
[SourceQuality "1"]
[TimeControl "40/4500+30:900+30"]

1. d4 d5 2. Bf4 Nf6 3. e3 c5 4. c3 Nc6 5. Nd2 Bf5 6. Ngf3 Qb6 7. Qb3 c4 8. Qxb6 axb6 9. Be2 h6 10. O-O e6 11. b3 b5 12. bxc4 bxc4 13. Ne5 Nxe5 14. Bxe5 Be7 15. f3 b5 16. Bxf6 Bxf6 17. e4 Bg6 18. Rfe1 O-O 19. g3 Ra3 20. Nb1 Ra6 21. e5 Be7 22. f4 b4 23. cxb4 Bxb4 24. Rc1 Rc8 25. g4 Bxb1 26. Rcxb1 Bc3 27. Rc1 Bxa1 28. Rxa1 c3 29. Bxa6 Kf8 30. Bd3 Rc6 31. Rc1 Ke7 32. Bb5 Kd7 33. Ra1 1-0

[Event "GER-ch Youth U10 2020"]
[Site "Willingen"]
[Date "2020.10.31"]
[Round "7.27"]
[White "Ehrath, Hendrik"]
[Black "Kutz, Paul Matti"]
[Result "0-1"]
[ECO "C02"]
[WhiteElo "1193"]
[BlackElo "1242"]
[Annotator "NA RC"]
[PlyCount "72"]
[EventDate "2020.10.27"]
[EventType "swiss"]
[EventRounds "7"]
[EventCountry "GER"]
[SourceTitle "playchess.com"]
[Source "ChessBase"]
[SourceQuality "1"]
[TimeControl "40/4500+30:900+30"]

1. e4 e6 2. d4 d5 3. e5 c5 4. c3 Nc6 5. Nf3 Nge7 6. dxc5 Ng6 7. Bg5 Be7 8. Bxe7 Qxe7 9. Nd4 Ncxe5 10. b4 Qh4 11. g3 Qe4+ 12. Qe2 Qxh1 13. Nb5 O-O 14. f4 Nf3+ 15. Kd1 Nxh2 16. Nd2 e5 17. Nd6 Bg4 18. Qxg4 Nxg4 19. Kc2 Ne3+ 20. Kb2 Qh2 21. Kc1 d4 22. cxd4 exd4 23. N6c4 Nxc4 24. Bxc4 Rfe8 25. Kc2 Qxg3 26. Rf1 Re7 27. Kd1 Rae8 28. Nf3 Nxf4 29. a4 d3 30. b5 Qg2 31. Nd2 Re2 32. Bxf7+ Kxf7 33. Rxf4+ Kg8 34. Rf8+ Rxf8 35. Kc1 Rxd2 36. a5 Rf1# 0-1

[Event "GER-ch Youth U10 2020"]
[Site "Willingen"]
[Date "2020.10.31"]
[Round "7.28"]
[White "Gulamzada, Elmir"]
[Black "Peters, Lasse"]
[Result "1-0"]
[ECO "C78"]
[WhiteElo "1397"]
[BlackElo "1223"]
[Annotator "NA RC"]
[PlyCount "120"]
[EventDate "2020.10.27"]
[EventType "swiss"]
[EventRounds "7"]
[EventCountry "GER"]
[SourceTitle "playchess.com"]
[Source "ChessBase"]
[SourceQuality "1"]
[TimeControl "40/4500+30:900+30"]

1. e4 e5 2. Nf3 Nc6 3. Bb5 a6 4. Ba4 Bc5 5. O-O Nf6 6. d3 b5 7. Bb3 d6 8. Nc3 O-O 9. Bg5 Bg4 10. Nd5 Nd4 11. Bxf6 gxf6 12. c3 Nxf3+ 13. gxf3 Bh3 14. Re1 c6 15. Ne3 Qb6 16. Kh1 Kh8 17. Re2 Qa7 18. Rc1 Rac8 19. Qd2 Rg8 20. Rg1 Rxg1+ 21. Kxg1 Rg8+ 22. Kh1 Bxe3 23. fxe3 Bf1 24. Rf2 Bh3 25. d4 Qc7 26. d5 c5 27. Bd1 Qd8 28. Be2 Qf8 29. Bf1 Qg7 30. Bg2 Bxg2+ 31. Rxg2 Qxg2+ 32. Qxg2 Rxg2 33. Kxg2 Kg7 34. Kg3 h5 35. Kh4 Kg6 36. h3 a5 37. b3 Kh6 38. f4 Kg6 39. a3 b4 40. axb4 cxb4 41. cxb4 axb4 42. f5+ Kh6 43. Kg3 Kg7 44. Kf2 Kf8 45. h4 Ke8 46. Ke2 Kd7 47. Kd3 Kc7 48. Kc4 Kb6 49. Kxb4 Ka6 50. Ka4 Kb6 51. b4 Ka6 52. b5+ Kb6 53. Kb4 Kb7 54. Ka5 Ka7 55. b6+ Kb7 56. Kb5 Kc8 57. Kc6 Kb8 58. b7 Ka7 59. Kc7 Ka6 60. b8=Q Ka5 1-0

[Event "GER-ch Youth U10 2020"]
[Site "Willingen"]
[Date "2020.10.31"]
[Round "7.29"]
[White "Allen, Phillipp"]
[Black "Yin, Vito"]
[Result "1/2-1/2"]
[ECO "B32"]
[WhiteElo "1250"]
[BlackElo "1320"]
[Annotator "NA RC"]
[PlyCount "87"]
[EventDate "2020.10.27"]
[EventType "swiss"]
[EventRounds "7"]
[EventCountry "GER"]
[SourceTitle "playchess.com"]
[Source "ChessBase"]
[SourceQuality "1"]
[TimeControl "40/4500+30:900+30"]

1. e4 c5 2. Nf3 Nc6 3. d4 cxd4 4. Nxd4 g6 5. Bc4 Bg7 6. c3 Nf6 7. Nd2 O-O 8. O-O d5 9. exd5 Nxd5 10. N2f3 Nb6 11. Nxc6 bxc6 12. Qxd8 Rxd8 13. Bb3 Bg4 14. Be3 Bxf3 15. gxf3 Rd7 16. Rfd1 Rad8 17. Rxd7 Rxd7 18. Bxb6 axb6 19. Rd1 Rd6 20. Rxd6 exd6 21. Kf1 Kf8 22. Ke2 Ke7 23. Kd3 d5 24. a4 Kd6 25. Ba2 Be5 26. h3 f5 27. b4 c5 28. bxc5+ Kxc5 29. Bb3 d4 30. cxd4+ Bxd4 31. Bg8 g5 32. Bxh7 f4 33. Bf5 Bxf2 34. Ke4 Bh4 35. Bd7 Kc4 36. Ke5 Kd3 37. Kd5 Ke2 38. Bg4 Kd3 39. Kc6 Bf2 40. Kb5 Be3 41. a5 bxa5 42. Kxa5 Kc4 43. Ka6 Kd5 44. Kb5 1/2-1/2